 Dungeon Crawl Stone Soup version 0.23.2-1-ga50397a6bc (webtiles) character file.

Game seed: 7203311124134506030

11494 Revguard the Spear-Bearer (level 11, 0/66 HPs)
             Began as a Tengu Gladiator on May 1, 2019.
             Was a Priest of Vehumet.
             Slain by an orc warrior
             ... wielding a +1 war axe of chopping
              (2 damage)
             ... on level 11 of the Dungeon.
             The game lasted 00:49:57 (10345 turns).

Revguard the Spear-Bearer (Tengu Gladiator)        Turns: 10345, Time: 00:49:59

Health: 0/66       AC: 12    Str: 15    XL:     11   Next: 78%
Magic:  3/18       EV: 24    Int: 10    God:    Vehumet [***...]
Gold:   528        SH:  0    Dex: 17    Spells: 8/18 levels left

rFire    . . .     SeeInvis +   m - +0 glaive
rCold    + . .     Gourm    .   (shield currently unavailable)
rNeg     . . .     Faith    .   o - +3 leather armour of Impressiveness {+Inv rC+ SInv}
rPois    .         Spirit   .   c - +1 hat
rElec    .         Reflect  .   A - +0 cloak
rCorr    .         Harm     .   C - +2 pair of gloves
MR       .....                  (boots unavailable)
Stlth    +.........             (no amulet)
HPRegen  0.21/turn              k - +3 ring of evasion
MPRegen  0.16/turn              w - ring of wizardry

@: flying quickly and evasively, very slightly contaminated, quick
A: beak, talons 3, able to fly
a: Stop Flying, Renounce Religion, Evoke Invisibility


You were on level 11 of the Dungeon.
You worshipped Vehumet.
Vehumet was most pleased with you.
You were hungry.

You visited 2 branches of the dungeon, and saw 12 of its levels.
You also visited: Sewer.

You collected 528 gold pieces.

Inventory:

Hand Weapons
 a - a +1 trident
 m - a +0 glaive (weapon)
Missiles
 d - 4 throwing nets (quivered)
Armour
 c - a +1 hat (worn)
 o - the +3 leather armour of Impressiveness (worn) {+Inv rC+ SInv}
   (You found it on level 5 of the Dungeon)

   It protects you from cold.
   It lets you see invisible.
   It lets you turn invisible.
 z - a +0 troll leather armour
 A - a +0 cloak (worn)
 C - a +2 pair of gloves (worn)
 E - +2 steam dragon scales
Jewellery
 k - a +3 ring of evasion (left hand)
 t - an uncursed ring of protection from magic
 v - an uncursed ring of protection from magic
 w - a ring of wizardry (right hand)
 x - an uncursed ring of poison resistance
Wands
 e - a wand of polymorph (8)
 j - a wand of iceblast (9)
Scrolls
 b - a scroll of amnesia
 g - 12 scrolls of remove curse
 i - 9 scrolls of teleportation
 y - 3 scrolls of identify
Potions
 h - 3 potions of curing
 l - a potion of might
 n - 3 potions of agility
 p - 2 potions of lignification
 r - 5 potions of brilliance
Comestibles
 f - 19 rations
 q - 5 chunks of flesh


   Skills:
 + Level 6.6 Fighting
 + Level 12.0 Polearms
 + Level 2.1 Throwing
 + Level 4.4 Armour
 * Level 9.0 Dodging
 + Level 4.4 Spellcasting
 + Level 6.1 Conjurations
 + Level 4.6 Air Magic
 + Level 1.8 Poison Magic
 * Level 6.3 Evocations


You had 8 spell levels left.
You knew the following spells:

 Your Spells              Type           Power        Failure   Level  Hunger
a - Magic Dart            Conj           ##..         1%          1    #......
b - Mephitic Cloud        Conj/Pois/Air  ##......     1%          3    ###....
c - Searing Ray           Conj           ##....       1%          2    ##.....
d - Throw Icicle          Conj/Ice       #.......     10%         4    #####..

Your spell library contained the following spells:

 Spells                   Type           Power        Failure   Level  Hunger
 Sandblast                Erth           #.....       3%          1    #......
 Conjure Flame            Conj/Fire      #.......     3%          3    ###....
 Stone Arrow              Conj/Erth      #.....       3%          3    ###....
 Blink                    Tloc           N/A          17%         2    ##.....
 Call Imp                 Summ           #.......     17%         2    ##.....
 Passwall                 Tmut/Erth      #.......     17%         2    ##.....
 Slow                     Hex            #.......     17%         2    ##.....
 Lee's Rapid Deconstruct  Erth           #.........   56%         5    ######.
 Petrify                  Tmut/Erth      #.......     71%         4    #####..


Dungeon Overview and Level Annotations

Branches:
Dungeon (11/15)            Temple (1/1) D:6            Lair (0/6) D:9
    Orc (0/2) D:9

Altars:
Ashenzari
Cheibriados
Dithmenos
Elyvilon
Fedhas
Gozag
Hepliaklqana
Kikubaaqudgha
Makhleb
Nemelex Xobeh
Okawaru
Qazlal
Ru
Sif Muna
Trog
Uskayaw
Vehumet
Wu Jian
Xom
Yredelemnul
Zin
The Shining One

Shops:
D:6 [   D:7 *


Innate Abilities, Weirdness & Mutations

You have a beak for a mouth.
You have claws for feet.
You can fly continuously.


Message History

Items here: ( )) [ † a +0 dagger; a +0 robe; a +0 war axe; a large rock; an orc corpse An orc comes into view.
It is wielding a +0 falchion.
The orc warrior completely misses you.
Items here: ( ) ÷ † 2 large rocks; a +0 morningstar; a hound corpse; an orc skeleton You slash the orc warrior!
The orc warrior is moderately wounded.
The orc warrior barely misses you.
You hit the orc warrior.
The orc warrior is heavily wounded.
The orc warrior completely misses you.
You barely miss the orc warrior.
You claw the orc warrior, but do no damage.
Your peck misses the orc warrior.
The orc warrior is heavily wounded.
An orc comes into view. It is wielding a +0 flail.
The orc warrior hits you with a +1 war axe of chopping!!
* * * LOW HITPOINT WARNING * * *
You die...

###..## #..# ##.†#
#########.## ##.#
#.....(((.# #.#######
#.).(..).## #.....<(###
#....).>)# #######...#
#(...(?.#...# ###.#
###.....(#..###
#######(####..........##
#(.†)((()@(...##†######
#..#######oo(.##.(#
..... ##÷.....(# ####..
##)#....# #.# #.#...(#
#. ..o..(..... ..
............. ##
...o.......(...
....###.##......


You could see an orc warrior and 2 orcs.

Vanquished Creatures
  3 two-headed ogres
  Pikel (D:7)
  An ugly thing (D:11)
  A cyclops (D:11)
  Maurice (D:8)
  Joseph (D:7)
  A centaur skeleton (D:10)
  2 trolls
  Prince Ribbit (D:7)
  A hippogriff (D:9)
  A wyvern (D:11)
  2 yaks (D:9)
  Eustachio (D:6)
  2 hungry ghosts
  A steam dragon (D:10)
  2 porcupines (D:9)
  2 water moccasins (D:10)
  6 ice beasts
  6 orc warriors (D:9)
  A slave (D:7)
  A black bear (D:9)
  6 sky beasts
  3 phantoms
  4 ogres
  2 centaurs
  4 big kobolds
  3 bullfrogs
  4 scorpions
  3 howler monkeys (D:10)
  3 crimson imps (D:7)
  A quasit (D:10)
  5 centaur zombies
  4 hounds
  2 jellies
  2 bullfrog skeletons
  7 orc priests
  6 orc wizards
  Natasha (thrice) (D:3)
  Ijyb (D:4)
  2 iguanas
  10 worker ants
  A hound skeleton (D:4)
  3 hound zombies
  3 worker ant zombies
  13 adders
  A river rat (D:4)
  A howler monkey skeleton (D:4)
  2 oozes
  3 adder skeletons
  4 worms
  2 dart slugs (D:1)
  3 leopard geckos
  49 orcs
  A ball python (D:1)
  12 bats
  7 giant cockroaches
  6 goblins
  8 hobgoblins
  11 jackals
  4 quokkas
  5 frilled lizards
  27 kobolds
  18 rats
297 creatures vanquished.

Vanquished Creatures (others)
  A crimson imp (D:11)
  An orc (D:11)
  A quokka (D:9)
  13 fungi (D:9)
  8 plants (D:9)
24 creatures vanquished.

Grand Total: 321 creatures vanquished

Notes
Turn   | Place    | Note
-------+----------+-------------------------------------------
     0 | D:1      | Revguard the Tengu Gladiator began the quest for the Orb.
     0 | D:1      | Reached XP level 1. HP: 12/12 MP: 2/2
    33 | D:1      | Found a glowing golden altar of the Shining One.
   207 | D:1      | Reached XP level 2. HP: 17/17 MP: 3/3
   532 | D:1      | Reached XP level 3. HP: 18/21 MP: 4/4
   562 | D:1      | Reached skill level 4 in Polearms
  1159 | D:2      | Noticed an ogre
  1171 | D:2      | Killed an ogre
  1171 | D:2      | Reached skill level 5 in Polearms
  1171 | D:2      | Reached skill level 1 in Armour
  1171 | D:2      | Reached XP level 4. HP: 27/27 MP: 5/5
  1171 | D:2      | Gained mutation: You can fly continuously. [Tengu growth]
  1171 | D:2      | Reached XP level 5. HP: 31/31 MP: 6/6
  1668 | D:3      | Noticed Natasha
  1676 | D:3      | Killed Natasha
  1894 | D:3      | Reached XP level 6. HP: 29/36 MP: 7/7
  2244 | D:3      | Reached skill level 6 in Polearms
  2316 | D:3      | Noticed Natasha
  2321 | D:3      | Killed Natasha
  2658 | D:3      | Noticed Natasha
  2666 | D:3      | Killed Natasha
  3052 | D:4      | Reached XP level 7. HP: 38/41 MP: 8/8
  3071 | D:4      | Found a glowing drain.
  3075 | Sewer    | Entered a sewer
  3179 | Sewer    | Reached skill level 5 in Dodging
  3218 | Sewer    | Found a white marble altar of Elyvilon.
  3319 | D:4      | Reached skill level 7 in Polearms
  3578 | D:4      | Noticed Ijyb
  3624 | D:4      | Killed Ijyb
  3993 | D:5      | Entered Level 5 of the Dungeon
  4247 | D:5      | Reached XP level 8. HP: 35/48 MP: 9/9
  4501 | D:5      | Reached skill level 8 in Polearms
  4630 | D:5      | Got a polished leather armour
  4641 | D:5      | Identified the +3 leather armour of Impressiveness {+Inv
                  | rC+ SInv} (You found it on level 5 of the Dungeon)
  4856 | D:6      | Learned a level 1 spell: Magic Dart
  5054 | D:6      | Reached skill level 1 in Conjurations
  5262 | D:6      | Found Zuepridd's Antique Armour Shoppe.
  5468 | D:6      | Found a staircase to the Ecumenical Temple.
  5483 | Temple   | Entered the Ecumenical Temple
  5723 | Temple   | Became a worshipper of Vehumet
  5819 | D:6      | Noticed Eustachio
  5841 | D:6      | Killed Eustachio
  5841 | D:6      | Reached skill level 1 in Spellcasting
  5841 | D:6      | Reached skill level 1 in Evocations
  6061 | D:7      | Noticed Prince Ribbit
  6118 | D:7      | Noticed Joseph
  6146 | D:7      | Killed Joseph
  6146 | D:7      | Reached skill level 9 in Polearms
  6146 | D:7      | Reached XP level 9. HP: 34/53 MP: 10/13
  6243 | D:7      | Found Goner's General Store.
  6267 | D:7      | Found a deep blue altar of Sif Muna.
  6274 | D:7      | Reached skill level 5 in Fighting
  6367 | D:7      | Learned a level 3 spell: Mephitic Cloud
  6494 | D:7      | Noticed Pikel
  6509 | D:7      | Killed Pikel
  6509 | D:7      | Reached * piety under Vehumet
  6509 | D:7      | Offered knowledge of Flame Tongue by Vehumet.
  6509 | D:7      | Reached skill level 1 in Air Magic
  6678 | D:7      | Found a shimmering altar of Xom.
  6680 | D:7      | Noticed an angel
  6691 | D:7      | Killed Prince Ribbit
  6705 | D:7      | Found a glowing silver altar of Zin.
  7007 | D:8      | Reached skill level 10 in Polearms
  7007 | D:8      | Reached XP level 10. HP: 38/59 MP: 15/15
  7093 | D:8      | Noticed a two-headed ogre
  7116 | D:8      | Killed a two-headed ogre
  7116 | D:8      | Reached skill level 5 in Conjurations
  7363 | D:8      | Noticed Maurice
  7412 | D:8      | Killed Maurice
  7569 | D:8      | Found an opulent altar of Gozag.
  7837 | D:9      | Found a staircase to the Orcish Mines.
  7841 | D:9      | Offered knowledge of Searing Ray by Vehumet.
  7900 | D:9      | Reached ** piety under Vehumet
  8256 | D:9      | Reached skill level 1 in Poison Magic
  8295 | D:9      | Found a shattered altar of Ashenzari.
  8554 | D:9      | Reached XP level 11. HP: 34/64 MP: 15/17
  8558 | D:9      | Learned a level 2 spell: Searing Ray
  8630 | D:9      | Reached skill level 11 in Polearms
  8649 | D:9      | Reached skill level 5 in Evocations
  8810 | D:9      | Found a staircase to the Lair.
  8861 | D:9      | Found a blossoming altar of Fedhas.
  8911 | D:9      | Found a snail-covered altar of Cheibriados.
  8933 | D:10     | Entered Level 10 of the Dungeon
  9086 | D:10     | Offered knowledge of Inner Flame by Vehumet.
  9513 | D:10     | Reached *** piety under Vehumet
  9940 | D:11     | Noticed a purple ugly thing
  9966 | D:11     | Killed a purple ugly thing
 10104 | D:11     | Noticed a two-headed ogre
 10115 | D:11     | Killed a two-headed ogre
 10120 | D:11     | Noticed a two-headed ogre
 10135 | D:11     | Killed a two-headed ogre
 10204 | D:11     | Noticed a cyclops
 10224 | D:11     | Killed a cyclops
 10234 | D:11     | Offered knowledge of Throw Icicle by Vehumet.
 10245 | D:11     | Reached skill level 12 in Polearms
 10256 | D:11     | Learned a level 4 spell: Throw Icicle
 10345 | D:11     | HP: 2/66 [orc warrior/+1 war axe of chopping (18)]
 10345 | D:11     | Slain by an orc warrior

Skill      XL: |  1  2  3  4  5  6  7  8  9 10 11 |
---------------+----------------------------------+-----
Polearms       | 5 6 7 9 10 12 | 12.0
Armour         | 1 2 3 4 |  4.4
Dodging        | 4 5 6 8 9 |  9.0
Fighting       | 3 4 5 6 |  6.6
Conjurations   | 3 4 5 6 |  6.1
Spellcasting   | 2 3 4 |  4.4
Evocations     | 2 3 4 6 |  6.3
Air Magic      | 2 4 |  4.6
Poison Magic   | 1 |  1.8
Throwing       | |  2.1

Action                   |  1- 3 |  4- 6 |  7- 9 | 10-12 || total
-------------------------+-------+-------+-------+-------++-------
Melee: Trident           |    91 |   149 |   390 |   149 ||   779
       Kick              |    18 |    44 |   105 |   109 ||   276
       Peck              |     4 |    17 |    72 |    88 ||   181
       Unarmed           |       |       |    33 |       ||    33
       Glaive            |       |       |       |   266 ||   266
 Cast: Magic Dart        |       |       |    21 |    47 ||    68
       Mephitic Cloud    |       |       |     5 |    33 ||    38
       Searing Ray       |       |       |       |     8 ||     8
       Throw Icicle      |       |       |       |     3 ||     3
 Abil: Fly               |       |     1 |       |       ||     1
       Evoke Invisibilit |       |       |       |     3 ||     3
  Use: Potion            |     4 |     3 |     5 |     4 ||    16
       Scroll            |       |     8 |     6 |     7 ||    21
 Stab: Sleeping          |     4 |     1 |       |       ||     5
       Confused          |       |       |     6 |    34 ||    40
       Invisible         |       |       |       |     3 ||     3
  Eat: Chunk             |     1 |     5 |    10 |    12 ||    28
       Ration            |       |       |     2 |     2 ||     4
Armor: Leather armour    |     4 |       |    25 |    71 ||   100
       Ring mail         |     2 |    19 |    17 |       ||    38
Dodge: Dodged            |    36 |   106 |   262 |   454 ||   858
